 Dungeon Crawl Stone Soup version 0.27-a0-652-g2d5cf1dcd3 (webtiles) character file.

Game seed: 7596095742645035616

135 Johnny the Magician (level 4, -7/27 HPs)
             Began as a Deep Elf Earth Elementalist on Mar 16, 2021.
             Killed by nerve-wracking pain
             ... invoked by Grinder
              (11 damage)
             ... on level 3 of the Dungeon.
             The game lasted 00:01:46 (3111 turns).

Johnny the Magician (Deep Elf Earth Elementalist)   Turns: 3111, Time: 00:01:47

Health: -7/27      AC:  3    Str:  5    XL:     4   Next: 96%
Magic:  11/12      EV: 12    Int: 21    God:
Gold:   97         SH:  0    Dex: 15    Spells: 10/11 levels left

rFire    . . .     SeeInvis .   e - +0 short sword
rCold    . . .     Faith    .   (no shield)
rNeg     . . .     Spirit   .   c - +0 robe
rPois    .         Reflect  .   (no helmet)
rElec    .         Harm     .   (no cloak)
rCorr    .         Rampage  .   (no gloves)
Will     .....                  h - +0 pair of boots
Stlth    ++........             m - amulet of regeneration
HPRegen  0.09/turn              (no ring)
MPRegen  0.13/turn              (no ring)

@: very slightly contaminated, invisible
A: no striking features
a: no special abilities


You were on level 3 of the Dungeon.
You visited 1 branch of the dungeon, and saw 3 of its levels.

You collected 97 gold pieces.

Inventory:

Hand Weapons
 e - a +0 short sword (weapon)
Missiles
 b - 55 stones
Armour
 c - a +0 robe (worn)
 h - a +0 pair of boots (worn)
Jewellery
 k - a ring of ice
 m - an amulet of regeneration (around neck)
Scrolls
 a - 3 scrolls of identify {unknown}
 f - a scroll of magic mapping {unknown}
 i - a scroll of fear {unknown}
 j - a scroll of blinking {unknown}
 l - 3 scrolls of teleportation {unknown}
 n - 3 scrolls of noise {unknown}
 o - a scroll of enchant armour {unknown}
Potions
 d - a potion of magic {unknown}
 g - a potion of invisibility


   Skills:
 * Level 2.6 Fighting
 - Level 2.4 Dodging
 - Level 2.4 Stealth
 + Level 4.2 Spellcasting
 - Level 1.1 Transmutations
 + Level 4.2 Earth Magic


You had 10 spell levels left.
You knew the following spells:

 Your Spells              Type           Power      Damage    Failure   Level
a - Sandblast             Erth           44%        2d11      1%          1

Your spell library contained the following spells:

 Spells                   Type           Power      Damage    Failure   Level
 Passwall                 Tmut/Erth      12%        N/A       6%          2
 Stone Arrow              Conj/Erth      26%        3d8       14%         3
 Petrify                  Tmut/Erth      15%        N/A       36%         4
 Lee's Rapid Deconstruct  Erth           11%        3d9*      50%         5


Dungeon Overview and Level Annotations

Branches:
Dungeon (3/15)

Altars:
Cheibriados
Gozag

Annotations:
D:3 Grinder


Message History

You continue putting on your amulet of regeneration. x3
Grinder gestures at you.
Keep equipping yourself? [Y]es or [N]o only, please.
Keep equipping yourself? [Y]es or [N]o only, please.
Keep equipping yourself? [Y]es or [N]o only, please.
Keep equipping yourself? [Y]es or [N]o only, please.
Keep equipping yourself? [Y]es or [N]o only, please.
Keep equipping yourself?
Pain shoots through your body!
You continue putting on your amulet of regeneration. x2
Grinder hits you.
You writhe in agony.
You finish putting on your amulet of regeneration.
The amulet cannot attune itself to your injured body.
m - an amulet of regeneration (around neck)
Casting: Sandblast (safe; 1% risk of failure)
Confirm with . or Enter, or press ? or * to list all spells.
Aiming: Sandblast (safe; 1% risk of failure)
Press: ? - help, Shift-Dir - straight line, f - Grinder
Aim: Grinder (22% to evade)
The blast of sand hits Grinder!
Grinder is moderately wounded.
Grinder says, "There's only one good use for a tongue: cutting it out."
Grinder hits you.
You writhe in agony.
* * * LOW HITPOINT WARNING * * *
Unknown command.
It was a potion of invisibility.
You fade into invisibility!
Grinder blinks!
You are very lightly contaminated with residual magic.
Grinder gestures at you. You resist with significant effort.
Found a leather armour.
Grinder gestures at you. Pain shoots through your body!
You die...

#..########.#.
...#.......[. #......
..#.# #..##.###.#(# ###
#..#........# .
...#..#........# ...
####.#..#..#.#.#>#..###
..........5.).ยง@.>.....
. #.#.#..#.##.#.#.#..###
. # #.#..#......#.# ...
.##.#.#<......###.# #
..#.#.#..#.##... ..
.........#.##.....#
..###.##.#.########
)............
...##....####


You could see Grinder.

Vanquished Creatures
  4 gnolls (D:3)
  4 adders
  An ooze (D:1)
  A dart slug (D:2)
  A leopard gecko (D:1)
  An orc (D:2)
  5 bats
  6 giant cockroaches
  6 goblins
  7 hobgoblins
  3 jackals (D:1)
  A quokka (D:2)
  A frilled lizard (D:3)
  5 kobolds
  5 rats
51 creatures vanquished.

Notes
Turn   | Place    | Note
-------+----------+-------------------------------------------
     0 | D:1      | Johnny the Deep Elf Earth Elementalist began the quest for
                  | the Orb.
     0 | D:1      | Reached XP level 1. HP: 10/10 MP: 6/6
   259 | D:1      | Reached XP level 2. HP: 3/16 MP: 5/8
   589 | D:1      | Reached skill level 1 in Fighting
   940 | D:1      | Reached XP level 3. HP: 13/20 MP: 10/10
  2059 | D:2      | Reached XP level 4. HP: 26/26 MP: 6/11
  2795 | D:3      | Found a snail-covered altar of Cheibriados.
  2824 | D:3      | Found an opulent altar of Gozag.
  3099 | D:3      | Noticed Grinder
  3111 | D:3      | Killed from afar by Grinder

Illustrated notes

Levels and vault maps discovered:
D:1:      heliophobic_arrival_henge, layout_rooms
D:2:      layout_loops_ring
D:3:      layout_basic, nicolae_overflow_crystal_walls,
          lemuel_coloured_pillars_altar, grunt_decor_junction,
          cheibriados_altar_1, uniq_grinder

Skill      XL: |  1  2  3  4 |
---------------+-------------+-----
Fighting       | 1 2 |  2.6
Earth Magic    | 4 |  4.2
Spellcasting   | 4 |  4.2
Dodging        | |  2.4
Stealth        | |  2.4
Transmutations | |  1.1

Action                   |  1- 3 |  4- 6 || total
-------------------------+-------+-------++-------
Melee: Unarmed           |    16 |       ||    16
       Short sword       |    47 |    24 ||    71
 Cast: Sandblast         |    38 |    17 ||    55
  Use: Potion            |       |     1 ||     1
 Stab: Sleeping          |     8 |       ||     8
       Distracted        |     1 |       ||     1
Armor: Robe              |    19 |     8 ||    27
Dodge: Dodged            |    46 |    20 ||    66

Table legend: (Time is in decaauts)
 A = Elapsed time spent in this place.
 B = Non-inter-level travel time spent in this place.
 C = Inter-level travel time spent in this place.
 D = Time resting spent in this place.
 E = Time spent auto-exploring this place.
 F = Levels seen in this place.
 G = Mean time per level.
                   A        B        C        D        E       F      G
               +--------+--------+--------+--------+--------+-----+--------+
         Total |   3117 |   3090 |     27 |      0 |   2742 |   3 | 1039.0 |
       Dungeon |   3117 |   3090 |     27 |      0 |   2742 |   3 | 1039.0 |
               +--------+--------+--------+--------+--------+-----+--------+

Top non-repeatable levels by time:
     D:1: 1344 daAuts
     D:2: 1266 daAuts
     D:3: 505 daAuts
